Match 48431653
Unlisted

Match 48431653
End
Vickers Machine Gun Team
Construct Section Command Post
Selects Canadian Shock Battlegroup
Dingo Light Scout Car
Infantry Section
Infantry Section
ML 3-inch Mortar Team
Construct Platoon Command Post
Selects Offensive Resupply
Selects Canadian Shock Section
Unlock Bishop Self-propelled Artillery
Bishop Self-propelled Artillery
Construct Field Infirmary
Grenade Package
6-pounder Anti-tank Gun Team
Infantry Section
Selects Smoke Operation
Selects Incendiary Munitions
6-pounder Anti-tank Gun Team
Infantry Training
Bishop Self-propelled Artillery
Canadian Shock Section
Selects Pyrotechnics
Construct Company Command Post
Team Weapon Training
Crusader II Medium Tank
Unlock Towed 17-pounder Anti-tank Guns
Big Bear
Cavalier
SneaKerz
gb_gbg
DasSchwingding
Plati2d2 (Esp)
Cloud
yaandreyzz
0
0

Comments sign in to comment!

No comments posted yet!